 Dungeon Crawl Stone Soup version 0.31.0-12-g77e489cdc1 (webtiles) character file.

Game seed: 14833806988777560631

77 PriceMaster the Sneak (level 4, -5/27 HPs)
             Began as an Octopode Earth Elementalist on Feb 25, 2024.
             Slain by a sleepcap (16 damage)
             ... on level 3 of the Dungeon.
             The game lasted 00:03:29 (1932 turns).

PriceMaster the Sneak (Octopode Earth Elementalist) Turns: 1932, Time: 00:03:29

Health: -5/27      AC:  1    Str:  7    XL:     4   Next: 33%
Magic:  4/7        EV:  2    Int: 19    God:
Gold:   73         SH:  0    Dex: 12    Spells: 6/7 levels left

rFire   . . .        h - +2 whip (flame)
rCold   . . .        m - orb {*channel}
rNeg    . . .        (helmet restricted)
rPois   .            (no amulet)
rElec   .            i - +1 ring of evasion
rCorr   .            (no ring)
SInv    .            (no ring)
Will    .....        (no ring)
Stlth   +++          (no ring)
HPRegen 0.24/turn    (no ring)
MPRegen 0.10/turn    (no ring)
                     (no ring)

%: channel magic (20%)
@: sleeping
A: almost no armour, amphibious, 8 rings, camouflage 1, gelatinous body 1,
(nimble swimmer 1), tentacles
a: no special abilities


You were on level 3 of the Dungeon.
You visited 1 branch of the dungeon, and saw 3 of its levels.

You collected 101 gold pieces.
You spent 28 gold pieces at shops.

Inventory:

Hand Weapons
 h - a +2 whip of flaming (weapon)
Armour
 m - an orb of energy (worn)
Jewellery
 i - a +1 ring of evasion (left tentacle)
Scrolls
 j - a scroll of enchant armour {unknown}
 k - a scroll of identify {unknown}
 l - a scroll of vulnerability {unknown}
Potions
 a - a potion of magic
 b - 2 potions of curing {unknown}
 c - a potion of heal wounds {unknown}
 d - a potion of invisibility {unknown}
 e - 2 potions of might {unknown}
 f - a potion of haste {unknown}
 g - 2 potions of berserk rage {unknown}


   Skills:
 + Level 0.2 Fighting
 + Level 0.3 Maces & Flails
 + Level 2.1 Dodging
 * Level 4.2 Stealth
 + Level 0.1 Unarmed Combat
 + Level 2.4 Spellcasting
 + Level 1.1 Conjurations
 + Level 3.8 Earth Magic


You had 6 spell levels left.
You knew the following spells:

 Your Spells              Type           Power      Damage    Failure   Level
a - Sandblast             Erth           32%        2d9       11%         1

Your spell library contained the following spells:

 Spells                   Type           Power      Damage    Failure   Level
 Passwall                 Erth           16%        N/A       24%         3
 Stone Arrow              Conj/Erth      22%        3d8       38%         3
 Scorch                   Fire           4%         2d5       45%         2
 Brom's Barrelling Bould  Conj/Erth      11%        2d3       73%         4
 Petrify                  Alch/Erth      9%         N/A       78%         4
 Flame Wave               Conj/Fire      4%         2d5       90%         4
 Summon Cactus Giant      Summ           1%         N/A       100%        6


Dungeon Overview and Level Annotations

Branches:
Dungeon (3/15)

Altars:
Vehumet

Shops:
D:1 :*=(*=

Annotations:
D:3 exclusion: statue


Innate Abilities, Weirdness & Mutations

You cannot wear most types of armour.
You are amphibious.
You can wear up to eight rings at the same time.
Your skin changes colour to match your surroundings (Stealth+).
Your rubbery body absorbs attacks. (AC +1, EV +1)
((You are camouflaged when in or above water. (Stealth+)))
You have tentacles for arms and can constrict up to eight enemies at once.


Message History

An orc is nearby!
An orc is nearby!
The blast of sand hits the orc but does no damage.
The orc shouts!
Magical energy flows into your mind!
The blast of sand hits the orc but does no damage.
A sleepcap comes into view.
The orc hits you with a +0 flail.
You miscast Sandblast.
You are very lightly contaminated with residual magic.
Nothing appears to happen.
Magical energy flows into your mind! The orc completely misses you.
There are monsters nearby!
The blast of sand hits the orc.
The orc is lightly wounded.
The orc barely misses you.
The blast of sand hits the orc.
The orc is heavily wounded.
Magical energy flows into your mind! The orc barely misses you.
The orc hits you with a +0 flail.
The blast of sand hits the orc but does no damage.
The orc is heavily wounded.
Magical energy flows into your mind! The orc barely misses you.
The sleepcap closely misses you.
The blast of sand hits the orc.
You kill the orc!
Magical energy flows into your mind! The sleepcap closely misses you.
The sleepcap releases spores at you.
Your magical contamination has completely faded away.
The blast of sand hits the sleepcap.
The sleepcap is lightly damaged.
The sleepcap releases spores at you.
The blast of sand hits the sleepcap!
The sleepcap is moderately damaged.
The sleepcap releases spores at you.
You are engulfed in a cloud of soporific spores!
You fall asleep.
The sleepcap releases spores at you!
Ouch! That really hurt!
You die...

#........# #.###
#........####.#
#........##...#
#.........#.###
#.........#.#
########....#
#####....†###
.....###...#
###..#####@# #......f)#
#†.####......... #####
###.###...........
....###..............###
............##.......#
...........#.....#.#..#
.......#####...###.##...
#....### ...## .# ###


You could see a sleepcap.

Vanquished Creatures
  An adder (D:2)
  3 dart slugs
  An orc (D:3)
  6 ball pythons
  5 bats
  6 endoplasms
  3 giant cockroaches
  5 goblins
  5 hobgoblins
  4 quokkas
  3 frilled lizards
  6 kobolds
  5 rats
53 creatures vanquished.

Notes
Turn   | Place    | Note
-------+----------+-------------------------------------------
     0 | D:1      | PriceMaster the Octopode Earth Elementalist began the quest
                  | for the Orb.
     0 | D:1      | Reached XP level 1. HP: 11/11 MP: 3/3
    84 | D:1      | Found Juur's General Store.
   176 | D:1      | Reached XP level 2. HP: 14/17 MP: 0/5
   238 | D:1      | Found Jeocrof's General Store.
   251 | D:1      | Found Fiahil's Book Boutique.
   257 | D:1      | Reached skill level 3 in Stealth
   438 | D:1      | Found Hircho Valoo's Weapon Boutique.
   463 | D:1      | Reached XP level 3. HP: 21/21 MP: 4/6
   521 | D:1      | Found Wudad's Jewellery Boutique.
   595 | D:1      | Found Puukoj's One-of-a-Kind Rings.
   629 | D:1      | Bought a +1 ring of evasion for 28 gold pieces
   960 | D:2      | Reached skill level 4 in Stealth
  1160 | D:2      | Reached XP level 4. HP: 24/27 MP: 7/7
  1600 | D:3      | Found a radiant altar of Vehumet.
  1648 | D:3      | Identified the +2 dagger of Terra Cotta {drain, rCorr}
  1666 | D:3      | Noticed a frost-covered statue
  1932 | D:3      | Slain by a sleepcap

Illustrated notes

Levels and vault maps discovered:
D:1:      lightli_arrival_windingriver, layout_rooms, serial_shops,
          nicolae_shop_statue_plus, nicolae_square_shop, shop_fountains,
          nicolae_shop_tiny_statue_garden, shop, nicolae_shop_unique_rings
D:2:      layout_basic
D:3:      layout_rooms, vehumet_statue, ebering_ghost_inner_flame

Skill      XL: |  1  2  3 |
---------------+----------+-----
Stealth        | 3 4 |  4.2
Fighting       | |  0.2
Maces & Flails | |  0.3
Dodging        | |  2.1
Unarmed Combat | |  0.1
Spellcasting   | |  2.4
Conjurations   | |  1.1
Earth Magic    | |  3.8

Action                     |  1- 3 |  4- 6 || total
---------------------------+-------+-------++-------
  Melee: Unarmed           |     7 |       ||     7
         Constrict         |     5 |     1 ||     6
         Tentacles         |     4 |     1 ||     5
         Whip              |     9 |     7 ||    16
         Punch             |     2 |       ||     2
   Cast: Sandblast         |    40 |    18 ||    58
   Stab: Sleeping          |     3 |     1 ||     4
 Armour: Skin              |    11 |    10 ||    21
  Dodge: Dodged            |    13 |    10 ||    23
